 Dungeon Crawl Stone Soup version 0.26.0-10-g1f06aea511 (webtiles) character file.

Game seed: 5301752340945738487

572 Arum the Skirmisher (level 7, -1/61 HPs)
             Began as a Ghoul Gladiator on Jan 21, 2021.
             Slain by a worker ant (6 damage)
             ... on level 4 of the Dungeon.
             The game lasted 00:03:17 (3432 turns).

Arum the Skirmisher (Ghoul Gladiator)               Turns: 3432, Time: 00:03:17

Health: -1/61      AC:  8    Str: 20    XL:     7   Next: 34%
Magic:  6/6        EV: 11    Int:  3    God:
Gold:   223        SH:  0    Dex: 10    Spells: 6/6 levels left

rFire    . . .     SeeInvis .   a - +0 long sword
rCold    + . .     Faith    .   (no shield)
rNeg     + + +     Spirit   .   s - +0 scale mail (curse)
rPois    ∞         Reflect  .   c - +0 helmet
rElec    .         Harm     .   p - +0 cloak (curse)
rCorr    .         Rampage  .   (no gloves)
Will     .....                  (no boots)
Stlth    ..........             (no amulet)
HPRegen  0.00/turn              (no ring)
MPRegen  0.10/turn              (no ring)

@: no status effects
A: claws 1, cold resistance 1, negative energy resistance 3, inhibited
regeneration, torment resistance, unbreathing
a: no special abilities


You were on level 4 of the Dungeon.
You visited 1 branch of the dungeon, and saw 4 of its levels.

You collected 223 gold pieces.

Inventory:

Hand Weapons
 a - a +0 long sword (weapon)
Missiles
 d - 3 throwing nets (quivered)
Armour
 c - a +0 helmet (worn)
 p - a cursed +0 cloak (worn)
 s - a cursed +0 scale mail (worn)
Jewellery
 w - an uncursed ring of positive energy {unknown}
Scrolls
 b - 2 scrolls of noise {unknown}
 e - 4 scrolls of amnesia {unknown}
 f - a scroll of enchant armour {unknown}
 g - 5 scrolls of teleportation {unknown}
 k - 2 scrolls of remove curse {unknown}
 l - 8 scrolls of identify {unknown}
 v - a scroll of magic mapping {unknown}
Potions
 h - a potion of heal wounds {unknown}
 i - a potion of lignification {unknown}
 j - a potion of magic {unknown}
 m - 3 potions of degeneration {unknown}
 n - a potion of resistance {unknown}
 o - a potion of mutation {unknown}
 q - 2 potions of might {unknown}
 r - a potion of flight {unknown}
 t - a potion of haste {unknown}
 u - a potion of curing {unknown}


   Skills:
 + Level 5.2 Fighting
 + Level 4.8 Long Blades
 - Level 1.7 Throwing
 + Level 4.8 Dodging


You had 6 spell levels left.
You didn't know any spells.
Your spell library was empty.

Dungeon Overview and Level Annotations

Branches:
Dungeon (4/15)
 Temple: D:4-7

Altars:
Fedhas
Makhleb
Nemelex Xobeh

Annotations:
D:4 3 runed translucent doors, denisd0's ghost, amateur OpEE


Innate Abilities, Weirdness & Mutations

You thrive by killing the living.
You are immune to poison.
You have sharp fingernails.
Your flesh is cold resistant. (rC+)
You are immune to negative energy. (rN+++)
You do not regenerate when monsters are visible.
You are immune to unholy pain and torment.
You can survive without breathing.


Message History

The worker ant is heavily wounded.
You barely miss the worker ant.
The worker ant is heavily wounded.
The worker ant bites you but does no damage.
You hit the worker ant but do no damage.
The worker ant is heavily wounded.
The worker ant bites you but does no damage.
The worker ant closely misses you.
You barely miss the worker ant.
The worker ant is heavily wounded.
The worker ant closely misses you.
You hit the worker ant but do no damage.
The worker ant is heavily wounded.
The worker ant closely misses you.
You riposte.
You hit the worker ant but do no damage.
The worker ant is heavily wounded.
You hit the worker ant but do no damage.
The worker ant is heavily wounded.
The worker ant bites you.
You die...

#. #. #.### #.#.## .
#....####....
##....@B.'....
##.....####....
#.....## . ##....#
##.#.# ###.# #+#
####.#### #.#
#.......######.########
#.##.##.#........#.(.(.


You could see a worker ant.

Vanquished Creatures
  3 ogres (D:4)
  2 big kobolds (D:3)
  2 orc priests (D:3)
  3 adders
  An ooze (D:4)
  3 worms
  2 dart slugs (D:2)
  4 leopard geckos
  2 orcs
  10 bats
  5 giant cockroaches
  5 goblins
  4 hobgoblins
  10 jackals
  8 kobolds (D:3)
  2 quokkas
  A ball python (D:2)
  3 frilled lizards
  7 rats
77 creatures vanquished.

Notes
Turn   | Place    | Note
-------+----------+-------------------------------------------
     0 | D:1      | Arum the Ghoul Gladiator began the quest for the Orb.
     0 | D:1      | Reached XP level 1. HP: 17/17 MP: 0/0
   274 | D:1      | Reached XP level 2. HP: 19/25 MP: 1/1
   822 | D:1      | Reached XP level 3. HP: 30/30 MP: 2/2
  1081 | D:2      | Reached skill level 3 in Fighting
  1105 | D:2      | Found a burning altar of Makhleb.
  1320 | D:2      | Reached XP level 4. HP: 38/38 MP: 3/3
  1451 | D:2      | Found a blossoming altar of Fedhas.
  1813 | D:3      | Found a sparkling altar of Nemelex Xobeh.
  2161 | D:3      | Noticed a big kobold
  2163 | D:3      | Noticed a big kobold
  2178 | D:3      | Killed a big kobold
  2179 | D:3      | Reached XP level 5. HP: 29/46 MP: 4/4
  2182 | D:3      | Killed a big kobold
  2183 | D:3      | Reached skill level 4 in Fighting
  2183 | D:3      | Reached XP level 6. HP: 31/52 MP: 5/5
  2962 | D:4      | Found a runed translucent gate.
  2962 | D:4      | Found a runed translucent gate.
  2962 | D:4      | Found a runed translucent gate.
  2963 | D:4      | Noticed denisd0's ghost (amateur OpEE)
  3122 | D:4      | Reached skill level 5 in Fighting
  3122 | D:4      | Reached XP level 7. HP: 27/61 MP: 6/6
  3432 | D:4      | Slain by a worker ant

Illustrated notes

Levels and vault maps discovered:
D:1:      roderic_octagonal_star, layout_loops_ring,
          chequers_serial_rivers_large_b, minmay_misc_feat_nine_boxes,
          minmay_tiny_reverse_x
D:2:      layout_rooms, fedhas_altar_1, general_overflow_altar,
          grunt_ministairs_9, bh_walls_and_bars
D:3:      cheibrodos_thug_alley, layout_loops_corners,
          nemelex_xobeh_ov_fountains_minmay
D:4:      layout_loops_corners, ebering_ghost_rock_garden

Skill      XL: |  1  2  3  4  5  6 |
---------------+-------------------+-----
Dodging        | 3 4 |  4.8
Long Blades    | 3 4 |  4.8
Fighting       | 3 4 5 |  5.2
Throwing       | |  1.7

Action                   |  1- 3 |  4- 6 |  7- 9 || total
-------------------------+-------+-------+-------++-------
Melee: Long sword        |   105 |   112 |    26 ||   243
Armor: Leather armour    |    53 |    13 |       ||    66
       Scale mail        |       |    40 |     6 ||    46
Dodge: Dodged            |   116 |    93 |    13 ||   222
       Rpst.: Long sword |    38 |    32 |     5 ||    75
